 Dungeon Crawl Stone Soup version 0.23.2-1-ga50397a6bc (webtiles) character file.

Game seed: 7770539581662451677

2506 Mrkan the Cleaver (level 9, 0/82 HPs)
             Began as a Hill Orc Fighter on May 18, 2019.
             Was a Follower of Beogh.
             Slain by a two-headed ogre
             ... wielding a +0 giant spiked club
              (13 damage)
             ... on level 8 of the Dungeon.
             The game lasted 00:12:18 (5852 turns).

Mrkan the Cleaver (Hill Orc Fighter)                Turns: 5852, Time: 00:12:19

Health: 0/82       AC: 10    Str: 22    XL:     9   Next: 53%
Magic:  13/13      EV:  7    Int:  8    God:    Beogh [*.....]
Gold:   256        SH:  9    Dex: 10    Spells: 8/8 levels left

rFire    . . .     SeeInvis +   a - +1 war axe
rCold    . . .     Gourm    .   c - +0 shield
rNeg     . . .     Faith    .   b - +0 scale mail
rPois    .         Spirit   .   n - +2 helmet
rElec    .         Reflect  .   (no cloak)
rCorr    .         Harm     .   (no gloves)
MR       .....                  (no boots)
Stlth    ..........             u - amulet of regeneration
HPRegen  0.63/turn              g - ring of see invisible
MPRegen  0.13/turn              (no ring)

@: no status effects
A: no striking features
a: Renounce Religion


You were on level 8 of the Dungeon.
You worshipped Beogh.
Beogh was aware of your devotion.
You were not hungry.

You visited 1 branch of the dungeon, and saw 8 of its levels.

You collected 256 gold pieces.

Inventory:

Hand Weapons
 a - a +1 war axe (weapon)
 F - a -2 war axe
Armour
 b - a +0 scale mail (worn)
 c - a +0 shield (worn)
 e - the +0 ring mail of Prudence {+Fly rN+ MP+9, unknown}
   (You found it on level 7 of the Dungeon)

   It protects you from negative energy.
   It affects your magic capacity (+9).
   It lets you fly.
 n - a +2 helmet (worn)
Jewellery
 g - a ring of see invisible (left hand)
 u - an amulet of regeneration (around neck)
 w - an uncursed amulet of the gourmand
 D - an uncursed amulet of the gourmand
Wands
 y - a wand of disintegration (24)
 B - a wand of flame (9)
 E - a wand of iceblast (9)
Scrolls
 h - 8 scrolls of teleportation
 k - a scroll of enchant armour
 l - 5 scrolls of remove curse
 o - 4 scrolls of amnesia
 p - a scroll of noise {unknown}
 s - 2 scrolls of blinking
 t - a scroll of fog
 v - a scroll of fear
 C - a scroll of enchant weapon
Potions
 d - a potion of might
 i - 4 potions of berserk rage
 j - 2 potions of cancellation {unknown}
 m - a potion of degeneration {unknown}
 q - 3 potions of flight
 r - 2 potions of curing {unknown}
 x - a potion of magic {unknown}
 z - 3 potions of agility {unknown}
 A - a potion of brilliance {unknown}
Comestibles
 f - 6 rations


   Skills:
 + Level 8.7 Fighting
 * Level 12.2 Axes
 - Level 3.2 Armour
 - Level 3.2 Shields
 + Level 6.6 Invocations


You had 8 spell levels left.
You didn't know any spells.
Your spell library contained the following spells:

 Spells                   Type           Power        Failure   Level  Hunger
 Magic Dart               Conj           #...         99%         1    ##.....
 Searing Ray              Conj           #.....       100%        2    ###....
 Dazzling Spray           Conj/Hex       #.....       100%        3    ####...
 Force Lance              Conj/Tloc      #.......     100%        4    #####..
 Fulminant Prism          Conj/Hex       #.........   100%        4    #####..
 Iskenderun's Mystic Bla  Conj           #.......     100%        4    #####..


Dungeon Overview and Level Annotations

Branches:
Dungeon (8/15)             Temple (0/1) D:5            Lair (0/6) D:8

Altars:
Xom
The Shining One

Shops:
D:7 [

Annotations:
D:5 Grinder


Message History

l - 5 scrolls of remove curse (gained 1)
A two-headed ogre comes into view.
It is wielding a +0 giant spiked club and a +0 giant club.
Found a purple potion.
The two-headed ogre hits you with a +0 giant spiked club.
The two-headed ogre barely misses you.
You slash the two-headed ogre!
The two-headed ogre is moderately wounded.
The two-headed ogre hits you with a +0 giant spiked club!
The two-headed ogre hits you with a +0 giant club!
You hit the two-headed ogre.
The two-headed ogre is moderately wounded.
The two-headed ogre hits you with a +0 giant spiked club!!
The two-headed ogre hits you with a +0 giant club!!
* * * LOW HITPOINT WARNING * * *
You hit the two-headed ogre.
The two-headed ogre is moderately wounded.
You hit the two-headed ogre but do no damage.
The two-headed ogre is moderately wounded.
The two-headed ogre hits you with a +0 giant spiked club!
You die...

. ..≈.. . #. #...#..#
#.##...##.# #...PP.P..#
#≈...>.(.≈# #
#....PPP..#
##.#.##.P.##.#########.#
...#..#...#..#..@O.....#
##..#...≈...#.#.#####..#
.......###....#.#
..............#..
##.###.####.#####.
##.###.# #.# .#
##.##..####.# #
##....)....<#
##.##########


You could see a two-headed ogre.

Vanquished Creatures
  A two-headed ogre (D:7)
  A wyvern (D:7)
  Grum (D:8)
  A sky beast (D:7)
  A necrophage (D:6)
  2 ogres
  2 centaurs
  2 wolves (D:7)
  Blork the orc (D:4)
  A bullfrog (D:6)
  2 scorpions
  A wight (D:6)
  2 crimson imps
  A bullfrog zombie (D:5)
  2 hounds
  An orc priest (D:5)
  4 orc wizards
  Jessica (D:2)
  Ijyb (D:3)
  4 worker ants
  A killer bee zombie (D:7)
  2 hound zombies
  A gnoll (D:1)
  8 adders
  A shadow imp (D:5)
  An ooze (D:1)
  4 worms
  2 dart slugs
  5 leopard geckos
  9 orcs
  9 giant cockroaches
  12 goblins
  9 hobgoblins
  2 jackals (D:3)
  11 kobolds
  4 quokkas
  3 ball pythons
  A bat (D:2)
  4 frilled lizards
  A quokka skeleton (D:4)
  3 rats
125 creatures vanquished.

Vanquished Creatures (others)
  A phantom (D:4)
  A gnoll sergeant (D:6)
  An orc wizard (D:6)
  A jackal skeleton (D:6)
4 creatures vanquished.

Grand Total: 129 creatures vanquished

Notes
Turn   | Place    | Note
-------+----------+-------------------------------------------
     0 | D:1      | Mrkan the Hill Orc Fighter began the quest for the Orb.
     0 | D:1      | Reached XP level 1. HP: 19/19 MP: 1/1
    79 | D:1      | Reached skill level 3 in Axes
   127 | D:1      | Reached XP level 2. HP: 17/27 MP: 2/2
   546 | D:1      | Reached skill level 4 in Axes
   546 | D:1      | Reached XP level 3. HP: 18/33 MP: 3/3
  1297 | D:2      | Noticed Jessica
  1328 | D:2      | Killed Jessica
  1328 | D:2      | Reached skill level 5 in Axes
  1328 | D:2      | Reached XP level 4. HP: 32/41 MP: 4/4
  1967 | D:3      | Reached XP level 5. HP: 43/47 MP: 5/5
  2004 | D:3      | Reached skill level 5 in Fighting
  2004 | D:3      | Reached skill level 6 in Axes
  2405 | D:3      | Noticed Ijyb
  2419 | D:3      | Killed Ijyb
  2752 | D:4      | Reached XP level 6. HP: 54/56 MP: 6/6
  2800 | D:4      | Reached skill level 7 in Axes
  2951 | D:4      | Noticed Blork the orc
  2961 | D:4      | Killed Blork the orc
  2971 | D:4      | Became a worshipper of Beogh the Brigand
  2988 | D:4      | Noticed a phantom
  3008 | D:4      | Killed a phantom
  3094 | D:4      | Reached skill level 8 in Axes
  3094 | D:4      | Reached XP level 7. HP: 60/63 MP: 7/7
  3430 | D:5      | Entered Level 5 of the Dungeon
  3432 | D:5      | Found a staircase to the Ecumenical Temple.
  3446 | D:5      | Reached skill level 1 in Invocations
  3593 | D:5      | You fall through a shaft for 3 floors!
  3593 | D:8      | Found a glowing golden altar of the Shining One.
  3769 | D:6      | Found a shimmering altar of Xom.
  4047 | D:6      | Reached skill level 9 in Axes
  4493 | D:5      | Reached XP level 8. HP: 69/71 MP: 10/10
  4735 | D:5      | Reached * piety under Beogh
  4771 | D:5      | Noticed Grinder
  4771 | D:5      | Paralysed by Grinder for 6 turns
  4865 | D:6      | Reached skill level 10 in Axes
  4940 | D:7      | Noticed a wyvern
  4951 | D:7      | Killed a wyvern
  5143 | D:7      | Reached skill level 5 in Invocations
  5183 | D:7      | Got a dazzling ring mail
  5250 | D:7      | Reached skill level 11 in Axes
  5253 | D:7      | Found Binaif's Antique Armour Shop.
  5478 | D:8      | Noticed Grum
  5487 | D:7      | Reached XP level 9. HP: 8/81 MP: 11/13
  5490 | D:7      | HP: 4/81 [wolf[Grum] (2)]
  5616 | D:8      | Noticed a two-headed ogre
  5692 | D:7      | Killed a two-headed ogre
  5692 | D:7      | Reached skill level 12 in Axes
  5826 | D:8      | Killed Grum
  5832 | D:8      | Found a staircase to the Lair.
  5845 | D:8      | Noticed a two-headed ogre
  5852 | D:8      | Slain by a two-headed ogre

Skill      XL: |  1  2  3  4  5  6  7  8  9 |
---------------+----------------------------+-----
Axes           | 3 4 5 6 8 9 11 12 | 12.2
Fighting       | 4 5 6 7 8 |  8.7
Invocations    | 2 5 6 |  6.6
Armour         | |  3.2
Shields        | |  3.2

Action                   |  1- 3 |  4- 6 |  7- 9 || total
-------------------------+-------+-------+-------++-------
Melee: War axe           |    91 |   178 |   206 ||   475
Invok: Convert to Beogh  |       |     1 |       ||     1
  Use: Scroll            |       |       |    17 ||    17
       Potion            |       |       |     1 ||     1
  Eat: Chunk             |       |     7 |     4 ||    11
       Ration            |       |       |     2 ||     2
Armor: Scale mail        |    39 |    53 |    43 ||   135
Dodge: Dodged            |    30 |    46 |    58 ||   134
Block: Shield            |    57 |    81 |    96 ||   234
